 Dungeon Crawl Stone Soup version 0.29-a0-824-gd827844252 (webtiles) character file.

Game seed: 540718650898163595

172 croobank the Sneak (level 5, -4/25 HPs)
             Began as a Felid Delver on July 10, 2022.
             Killed by divine providence
             ... invoked by an orc priest
              (9 damage)
             ... on level 4 of the Dungeon.
             The game lasted 00:17:49 (5562 turns).

croobank the Sneak (Felid Delver)                   Turns: 5562, Time: 00:17:50

Health: -4/25      AC:  2    Str: 10    XL:     5   Next: 27%
Magic:  17/17      EV: 19    Int: 11    God:
Gold:   201        SH:  0    Dex: 18    Spells: 7/7 levels left
                                        Lives:  0   Deaths: 1

rFire   . . .      SeeInvis +     - Unarmed
rCold   + . .      Faith    .   (shield unavailable)
rNeg    . . .      Spirit   .   (body armour unavailable)
rPois   .          Reflect  .   (helmet unavailable)
rElec   .          Harm     .   (cloak unavailable)
rCorr   .          Rampage  .   (gloves unavailable)
Will    .....                   (boots unavailable)
Stlth   ++++......              (no amulet)
HPRegen 0.08/turn               i - ring of magical power
MPRegen 0.15/turn               o - ring of protection from cold

@: mighty, quick
A: very small, claws 1, fangs 3, see invisible, speed 1, shaggy fur 2, stealthy
paws, no weapons or thrown items, no armour, multi-lived
a: no special abilities


You were on level 4 of the Dungeon.
You visited 1 branch of the dungeon, and saw 6 of its levels.

You collected 201 gold pieces.

Inventory:

Jewellery
 b - a ring of protection from fire
 i - a ring of magical power (left paw)
 o - a ring of protection from cold (right paw)
Wands
 c - a wand of flame (5)
 e - a wand of digging (2)
Scrolls
 a - 2 scrolls of fog
 d - a scroll of enchant weapon {unknown}
 g - 2 scrolls of teleportation
 j - 2 scrolls of amnesia
 k - 2 scrolls of magic mapping
Potions
 f - 2 potions of berserk rage
 h - a potion of curing
 m - a potion of might
 p - a potion of heal wounds {unknown}
 q - 2 potions of attraction {unknown}
 r - a potion of cancellation {unknown}
 t - a potion of resistance {unknown}


   Skills:
 + Level 4.2 Fighting
 + Level 4.7 Dodging
 + Level 7.8 Stealth
 + Level 3.5 Unarmed Combat
 + Level 1.5 Spellcasting
 + Level 0.0 Evocations


You had 7 spell levels left.
You didn't know any spells.
Your spell library contained the following spells:

 Spells                   Type           Power      Damage    Failure   Level
 Foxfire                  Conj/Fire      0%         2x1d4     30%         1
 Conjure Flame            Conj/Fire      0%         6-21      67%         3
 Inner Flame              Hex/Fire       0%         N/A       67%         3
 Flame Wave               Conj/Fire      0%         2d4       97%         4


Dungeon Overview and Level Annotations

Branches:
Dungeon (6/15)             Temple (0/1) D:5

Altars:
Ashenzari
Kikubaaqudgha
Qazlal

Annotations:
D:2 1 runed translucent door, Crazy Yiuf
D:4 1 runed translucent door
D:5 Edmund, Eustachio


Innate Abilities, Weirdness & Mutations

You have sharp claws.
You have razor-sharp teeth.
You have supernaturally acute eyesight. (SInv)
You cover ground quickly. (Speed+)
You are covered in thick fur. (AC +2)
Your paws help you pounce on unaware monsters.
You are incapable of wielding weapons or throwing items.
You cannot wear armour.
You gain extra lives every three experience levels.


Message History

Aiming: Throw Flame
Press: ? - help, Shift-Dir - straight line, f - endoplasm
Aim: an endoplasm (97% to hit)
The puff of flame hits the endoplasm.
The endoplasm is almost dead.
You scratch the endoplasm.
You kill the endoplasm!
The orc priest miscasts a cantrip.
Aiming: Throw Flame
Press: ? - help, Shift-Dir - straight line, f - orc priest
Aim: an orc priest, wielding a +0 mace and wearing a +0 chain mail (77% to hit)
The puff of flame hits the orc priest but does no damage.
Aiming: Dig
Press: ? - help, Shift-Dir - straight line, f - you, p - orc priest Please select a direction to dig.
Okay, then.
Aiming: Throw Flame
Press: ? - help, Shift-Dir - straight line, f/p - orc priest
Aim: an orc priest, wielding a +0 mace and wearing a +0 chain mail (77% to hit)
The puff of flame hits the orc priest.
The orc priest is moderately wounded.
The orc misses you. The orc priest barely misses you.
You closely miss the orc priest. Your claw misses the orc priest.
You bite the orc priest, but do no damage.
The orc priest is moderately wounded.
The orc misses you.
The orc priest looks encouraged for a moment.
It was a potion of might.
You feel very mighty all of a sudden. The orc completely misses you.
The orc priest misses you.
You claw the orc priest!
The orc priest is almost dead.
The orc barely misses you.
The orc priest looks encouraged for a moment.
You scratch the orc priest.
The orc priest is almost dead.
The orc misses you.
The orc priest calls down the wrath of Beogh upon you.
Beogh smites you!
You die...

#........ #....#
#......# ##......#
#....## ##........
#.o###.........
##..#..........
##..............#
##...............
##oo...)..........
#@o....)..........
#.o...............
#................#
##............)..#
##.#..............#
##..#.............##
#####..###...........##
# #####..##.##
##..........# #
##......#.##
##.........# ##


You could see an orc priest, an orc wizard (invisible) and 2 orcs.

Vanquished Creatures
  A scorpion (D:4)
  A hound (D:5)
  2 orc wizards
  5 adders (D:3)
  3 gnolls
  3 worms
  4 dart slugs
  18 orcs
  2 bat zombies (D:3)
  3 endoplasms
  2 giant cockroaches
  5 hobgoblins
  2 jackals (D:4)
  8 kobolds
  A quokka (D:2)
  14 ball pythons
  2 bats (D:1)
  5 frilled lizards
  7 goblins
  2 rats (D:1)
  4 rat zombies (D:3)
94 creatures vanquished.

Notes
Turn   | Place    | Note
-------+----------+-------------------------------------------
     0 | D:5      | croobank the Felid Delver began the quest for the Orb.
     0 | D:5      | Reached XP level 1. HP: 10/10 MP: 2/2
     3 | D:5      | Noticed Edmund
    44 | D:6      | Noticed an orc priest
    48 | D:5      | Noticed a scorpion
   124 | D:6      | Noticed a necrophage
   125 | D:6      | Noticed a scorpion
   198 | D:5      | Noticed an orc wizard
   216 | D:5      | Reached XP level 2. HP: 8/14 MP: 3/3
   482 | D:5      | Noticed a howler monkey
   483 | D:5      | Found a faded altar of an unknown god.
   489 | D:5      | Noticed a centaur
   519 | D:2      | Identified the +9 quarterstaff of Biffal {vorpal, rElec
                  | rPois Will- Dex+4}
   636 | D:2      | You fall into a shaft and drop 1 floor!
   650 | D:3      | Reached skill level 7 in Stealth
   650 | D:3      | Reached XP level 3. HP: 17/17 MP: 4/4
   854 | D:2      | Found a broken altar of Ashenzari.
  1635 | D:2      | Reached XP level 4. HP: 14/21 MP: 5/5
  2154 | D:2      | Found a runed translucent door.
  2155 | D:2      | Noticed Crazy Yiuf
  2656 | D:3      | Found a stormy altar of Qazlal.
  2715 | D:3      | Noticed Terence
  3185 | D:3      | Found an ancient bone altar of Kikubaaqudgha.
  4048 | D:3      | Reached XP level 5. HP: 23/25 MP: 6/6
  4941 | D:4      | Reached skill level 1 in Spellcasting
  4958 | D:4      | Gained mutation: You are covered in thick fur. (AC +2)
                  | [Felid growth]
  4958 | D:4      | Reached XP level 6. HP: 16/28 MP: 8/8
  5144 | D:5      | Noticed Eustachio
  5251 | D:4      | Found a runed translucent door.
  5291 | D:3      | Mangled by an iguana
  5292 | D:3      | Reached XP level 5. HP: -10/25 MP: 17/17
  5562 | D:4      | Killed from afar by an orc priest

Illustrated notes

Levels and vault maps discovered:
D:1:      amcnicky_arrival_double_pillar, layout_basic, minmay_indecisive_spiral
D:2:      layout_basic, basic_altar, uniq_crazy_yiuf_cottage
D:3:      layout_loops_corners, lemuel_zombie_altar_kikubaaqudgha,
          grunt_qazlal_sundering, hex_tiny, minmay_misc_feat_rugged,
          uniq_terence
D:4:      layout_cave_pods, mainiacjoe_overflow_catwalk, ebering_ghost_sewer_d
D:5:      layout_cave_pools, nicolae_overflow_crystal_walls,
          kennysheep_orc_sif_temple, nicolae_temple_entry_ecumenical,
          minmay_stone_trees_small, moated_statue, bh_walls_and_bars,
          uniq_eustachio, uniq_edmund
D:6:      layout_gridville, serial_co_window_serial, co_window_paths_b,
          co_window_paths_b, co_window_paths_a, co_window_of_opportunity_a,
          co_window_cross_1, co_window_cross_1, co_window_corner_a,
          co_window_unsneaky_path_c, co_window_of_opportunity_c,
          co_window_corner_b, co_window_unsneaky_path_d, co_window_2corner,
          co_window_4corner_a, glass_columns_c, glass_columns_c,
          corner_web_ring, uniq_blork_the_orc, uniq_menkaure, uniq_maggie,
          uniq_sigmund

Skill      XL: |  1  2  3  4  5 |
---------------+----------------+-----
Dodging        | 3 4 |  4.7
Stealth        | 7 |  7.8
Unarmed Combat | 3 |  3.5
Fighting       | 4 |  4.2
Spellcasting   | 1 |  1.5

Action                   |  1- 3 |  4- 6 || total
-------------------------+-------+-------++-------
Melee: Unarmed           |    82 |   208 ||   290
       Bite              |     8 |    20 ||    28
       Punch             |     2 |     2 ||     4
Evoke: Wand              |     1 |     6 ||     7
  Use: Scroll            |     1 |    10 ||    11
       Potion            |       |     5 ||     5
 Stab: Sleeping          |    16 |    13 ||    29
       Distracted        |       |     1 ||     1
Armor: Skin              |     4 |     8 ||    12
Dodge: Dodged            |    58 |   148 ||   206

Table legend: (Time is in decaauts)
 A = Elapsed time spent in this place.
 B = Non-inter-level travel time spent in this place.
 C = Inter-level travel time spent in this place.
 D = Time resting spent in this place.
 E = Time spent auto-exploring this place.
 F = Levels seen in this place.
 G = Mean time per level.
                   A        B        C        D        E       F      G
               +--------+--------+--------+--------+--------+-----+--------+
         Total |   4947 |   4784 |    163 |   1395 |   2187 |   6 |  824.5 |
       Dungeon |   4947 |   4784 |    163 |   1395 |   2187 |   6 |  824.5 |
               +--------+--------+--------+--------+--------+-----+--------+

Top non-repeatable levels by time:
     D:3: 1585 daAuts
     D:2: 1307 daAuts
     D:4: 986 daAuts
     D:1: 569 daAuts
     D:5: 405 daAuts
     D:6: 93 daAuts
